 Dungeon Crawl Stone Soup version 0.31-a0-1570-g93c622d222 (webtiles) character file.

Game seed: 17663849711675015850

115 Curundu the Chopper (level 4, -1/40 HPs)
             Began as a Minotaur Berserker on Jan 3, 2024.
             Was a Believer of Trog.
             Shot with an arrow by a centaur (14 damage)
             ... on level 4 of the Dungeon.
             The game lasted 00:06:22 (1526 turns).

Curundu the Chopper (Minotaur Berserker)            Turns: 1526, Time: 00:06:22

Health: -1/40      AC:  6    Str: 23    XL:     4   Next: 68%
Magic:  3/3        EV: 11    Int:  4    God:    Trog [**....]
Gold:   97         SH:  0    Dex: 10    Spells: 3/3 levels left

rFire   . . .        a - +0 hand axe
rCold   . . .        (no shield)
rNeg    . . .        k - +0 ring mail
rPois   .            (helmet restricted)
rElec   .            (no cloak)
rCorr   .            (no gloves)
SInv    .            l - +0 pair of boots
Will    .....        (no amulet) Stlth
                     (no ring)
HPRegen 0.26/turn    (no ring)
MPRegen 0.08/turn

%: no passive effects
@: no status effects
A: horns 2, retaliatory headbutt
a: Renounce Religion, Berserk, Trog's Hand


You were on level 4 of the Dungeon.
You worshipped Trog.
Trog was pleased with you.
You visited 1 branch of the dungeon, and saw 3 of its levels.

You collected 97 gold pieces.

Inventory:

Hand Weapons
 a - a +0 hand axe (weapon)
Missiles
 m - a throwing net
Armour
 b - a +0 animal skin
 i - a +0 pair of boots
 k - a +0 ring mail (worn)
 l - a +0 pair of boots (worn)
 o - the +0 ring mail "Juafirch" {Will+ Int+3 Stlth-}
   (You found it on level 2 of the Dungeon)

   Int+3:     It affects your intelligence (+3).
   Will+:     It increases your willpower.
   Stlth-:    It makes you less stealthy.
Scrolls
 c - 2 scrolls of identify {unknown}
 f - a scroll of revelation {unknown}
 h - 2 scrolls of amnesia {unknown}
 j - a scroll of enchant armour {unknown}
 n - 2 scrolls of poison {unknown}
Potions
 d - a potion of curing {unknown}
 e - a potion of haste {unknown}
 g - 2 potions of mutation {unknown}
 p - a potion of degeneration {unknown}


   Skills:
 - Level 4.0 Fighting
 + Level 5.8 Axes
 - Level 3.0 Armour
 - Level 2.7 Dodging


You had 3 spell levels left.
You didn't know any spells.
Your spell library was empty.

Dungeon Overview and Level Annotations

Branches:
Dungeon (2/15)

Altars:


Innate Abilities, Weirdness & Mutations

You have a pair of horns on your head.
You reflexively headbutt those who attack you in melee.


Message History

You hit the endoplasm.
The endoplasm is severely wounded.
The endoplasm freezes you.
You are frozen.
You barely miss the endoplasm.
You headbutt the endoplasm, but do no damage.
The endoplasm is severely wounded.
The endoplasm freezes you.
You are frozen.
You hit the endoplasm.
You kill the endoplasm!
Trog accepts your kill.
p - a murky golden potion
There is an open door here.
A malevolent force fills the Dungeon...
You fall into a shaft and drop 2 floors!
The shaft crumbles and collapses.
Found a hand axe.
You see here a +0 hand axe.
A centaur comes into view.
The centaur wields a +0 orcbow.
The centaur shoots an arrow.
The arrow hits you.
The centaur shoots an arrow.
The arrow hits you.
The centaur shoots an arrow.
The arrow hits you.
The centaur shoots an arrow.
The arrow misses you.
A goblin comes into view. It is wielding a +0 club.
The goblin shouts!
The centaur shoots an arrow.
The arrow hits you. The goblin hits you but does no damage.
You barely miss the goblin.
The centaur shoots an arrow.
The arrow hits you but does no damage. The goblin hits you but does no damage.
You miss the goblin.
The centaur shoots an arrow.
The arrow hits you! The goblin barely misses you. You furiously retaliate!
You headbutt the goblin!
You kill the goblin!
Trog accepts your kill.
The centaur shoots an arrow.
The arrow barely misses you.
The centaur shoots an arrow.
The arrow hits you.
* * * LOW HITPOINT WARNING * * *
The centaur shoots an arrow.
The arrow hits you!
You die...

### #.. .. #.# .# ... .#
#.#. #.##### #.#.##.......
#.# ......... ...#
#######c###........
...#####........@..)......
..........................
..........................
.#........................
.#.....#..................
.#........................
.#.......####......#......
.......#.# ##############
...#.###.#


You could see a centaur.

Vanquished Creatures
  Jessica (D:2)
  Robin (D:2)
  2 adders (D:2)
  3 dart slugs (D:1)
  2 ball pythons
  6 endoplasms
  5 giant cockroaches
  12 goblins
  7 hobgoblins
  A kobold (D:2)
  6 bats
  3 frilled lizards
  A rat (D:1)
50 creatures vanquished.

Notes
Turn   | Place    | Note
-------+----------+-------------------------------------------
     0 | D:1      | Curundu the Minotaur Berserker began the quest for the Orb.
     0 | D:1      | Reached XP level 1. HP: 19/19 MP: 0/0
   186 | D:1      | Reached XP level 2. HP: 25/27 MP: 1/1
   348 | D:1      | Reached skill level 4 in Axes
   357 | D:1      | Reached ** piety under Trog
   497 | D:1      | Reached XP level 3. HP: 33/33 MP: 2/2
   813 | D:2      | Noticed Jessica
   816 | D:2      | Killed Jessica
   817 | D:2      | Reached skill level 5 in Axes
   817 | D:2      | Reached XP level 4. HP: 34/40 MP: 3/3
   972 | D:2      | Identified the +0 ring mail "Juafirch" {Will+ Int+3 Stlth-}
  1154 | D:2      | Noticed Robin
  1159 | D:2      | Killed Robin
  1482 | D:2      | You fall into a shaft and drop 2 floors!
  1516 | D:4      | Noticed a centaur
  1526 | D:4      | Shot with an arrow by a centaur

Illustrated notes

Levels and vault maps discovered:
D:1:      saegor_arrival_under_anarchy, layout_loops_cross,
          amcnicky_mini_corridor_feature, minmay_close_crescents
D:2:      layout_basic, uniq_jessica, uniq_robin
D:4:      layout_basic, nicolae_uskayaw_murder_on_the_dancefloor,
          minmay_temple_entry_poolview, serial_shops, nicolae_shop_statue_plus,
          corner_web_ring, kennysheep_generic_room_6

Skill      XL: |  1  2  3 |
---------------+----------+-----
Fighting       | 4 |  4.0
Axes           | 4 5 |  5.8
Armour         | 3 |  3.0
Dodging        | |  2.7

Action                     |  1- 3 |  4- 6 || total
---------------------------+-------+-------++-------
  Melee: Hand axe          |    45 |    44 ||    89
         Headbutt          |    10 |     4 ||    14
         Punch             |     2 |     1 ||     3
 Armour: Animal skin       |    19 |       ||    19
         Ring mail         |     4 |    37 ||    41
  Dodge: Dodged            |    34 |    25 ||    59

Table legend: (Time is in decaauts)
 A = Elapsed time spent in this place.
 B = Non-inter-level travel time spent in this place.
 C = Inter-level travel time spent in this place.
 D = Time resting spent in this place.
 E = Time spent auto-exploring this place.
 F = Levels seen in this place.
 G = Mean time per level.
                   A        B        C        D        E       F      G
               +--------+--------+--------+--------+--------+-----+--------+
         Total |   1532 |   1532 |      0 |     64 |   1025 |   3 |  510.7 |
       Dungeon |   1532 |   1532 |      0 |     64 |   1025 |   3 |  510.7 |
               +--------+--------+--------+--------+--------+-----+--------+

Top non-repeatable levels by time:
     D:1: 765 daAuts
     D:2: 723 daAuts
     D:4: 43 daAuts
